Map: White Rabbit LE

Players

HoldTheDoor

  • Race: Protoss Protoss
  • League: Diamond
  • Spawn Location: 7:00

TosIntheWell - Winner!

  • Race: Terran Terran
  • League: Master
  • Spawn Location: 1:00

VOD

Have the link to the VOD?

Description

Time

  • Played on: May 20, 2026, 11:17 a.m.
  • Length: 8:34
Show
View Real Time Build Order
Export as new Build Order

HoldTheDoor Protoss 

Build Orders: 1 Gate Expand 

Get SALT Encoding   

  12  0:00  Probe  
  13  0:12  Probe  
  14  0:17  Pylon  
  14  0:24  Probe  
  15  0:32  Probe  
  15  0:39  Gateway  
  15  0:40  Probe  
  16  0:49  Assimilator  
  17  0:50  Probe  
  18  1:03  Probe  
  19  1:11  Pylon  
  19  1:15  Probe  
  20  1:31  Cybernetics Core  
  20  1:39  Nexus  
  20  1:41  Pylon  
  20  1:45  Probe  
  21  1:49  Assimilator  
  21  1:57  Adept, Probe  
  24  2:09  Probe  
  24  2:14  Warp Gate  
  25  2:21  Probe  
  26  2:28  Gateway  
  26  2:42  Sentry  
  28  2:57  Probe  
  29  3:00  Shield Battery  
  29  3:20  Probe x2  
  31  3:32  Probe  
  31  3:34  Stargate, Probe  
  33  3:47  Probe x2  
  35  3:51  Shield Battery  
  35  3:59  Probe x2  
  37  4:04  Stalker x2  
  41  4:11  Probe  
  42  4:18  Phoenix, Probe  
  42  4:24  Pylon  
  45  4:25  Robotics Facility  
  45  4:29  Twilight Council  
  45  4:32  Pylon  
  45  4:33  Probe  
  45  4:36  Pylon  
  46  4:38  Assimilator  
  46  4:41  Pylon  
  46  4:48  Probe x2  
  41  5:14  Probe x2  
  43  5:26  Probe  
  44  5:32  Probe  
  44  5:34  Observer  
  46  5:37  Phoenix  
  46  5:38  Probe  
  49  5:44  Probe  
  50  5:50  Probe  
  50  5:51  Charge  
  51  5:58  Pylon  
  51  6:00  Forge  
  51  6:02  Gateway  
  51  6:04  Gateway  
  51  6:06  Gateway  
  51  6:10  Probe x2  
  53  6:12  Gateway  
  53  6:14  Assimilator  
  53  6:18  Phoenix  
  53  6:22  Probe x2  
  53  6:25  Protoss Air Weapons Level 1  
  57  6:30  Immortal  
  61  6:34  Probe  
  61  6:35  Zealot x2  
  61  6:38  Probe  
  67  6:45  Pylon  
  67  6:46  Probe  
  68  6:54  Probe  
  69  7:05  Probe  
  69  7:06  Probe  
  69  7:07  Zealot x5  
  81  7:10  Sentry  
  83  7:18  Robotics Bay  
  83  7:21  Pylon  
  83  7:22  Probe  
  84  7:31  Pylon  
  84  7:38  Pylon  
  84  7:42  Zealot x5  
  84  7:43  Zealot  
  96  8:02  Shield Battery x2  
  96  8:07  Zealot x2  
  96  8:08  Zealot x4  
  68  8:31  Zealot x3  
  68  8:32  Zealot x3  
Show
View Real Time Build Order
Export as new Build Order

TosIntheWell Terran - Winner!

Build Orders:  

Get SALT Encoding   

  12  0:00  SCV  
  13  0:12  SCV  
  14  0:17  Supply Depot  
  14  0:24  SCV  
  15  0:38  SCV  
  15  0:40  Barracks  
  16  0:43  Refinery  
  16  0:50  SCV  
  16  0:54  Refinery  
  17  1:07  SCV  
  18  1:19  SCV  
  19  1:29  Reaper  
  19  1:32  Orbital Command  
  20  1:47  Supply Depot  
  20  1:50  Factory  
  20  1:58  SCV  
  21  2:01  Marine  
  22  2:10  SCV  
  23  2:28  Command Center  
  23  2:34  Bunker  
  23  2:39  Widow Mine  
  25  2:53  SCV  
  25  2:56  Barracks Reactor  
  25  2:58  Starport  
  26  3:01  Supply Depot  
  26  3:03  Widow Mine  
  29  3:05  SCV  
  29  3:17  SCV  
  30  3:24  Widow Mine  
  32  3:29  SCV  
  33  3:42  SCV  
  33  3:43  Medivac  
  33  3:45  Orbital Command  
  36  3:50  Marine x2  
  36  3:51  Factory Tech Lab  
  36  3:54  SCV  
  39  4:06  SCV  
  40  4:10  Siege Tank  
  40  4:11  Marine  
  40  4:12  Barracks x2  
  40  4:13  Marine  
  45  4:18  SCV  
  45  4:21  SCV  
  47  4:27  Refinery  
  47  4:30  SCV  
  48  4:31  Starport Tech Lab  
  48  4:32  Marine  
  48  4:34  Supply Depot  
  48  4:35  Marine  
  50  4:43  SCV x2  
  52  4:55  SCV  
  51  5:10  SCV  
  49  5:16  SCV  
  49  5:17  Marine x2  
  50  5:22  SCV  
  50  5:28  SCV  
  52  5:32  Stimpack  
  52  5:33  Combat Shield  
  52  5:34  SCV  
  52  5:35  Marine x3  
  51  5:38  Engineering Bay  
  51  5:40  Supply Depot, SCV  
  55  5:44  Widow Mine, Starport Reactor  
  55  5:46  SCV  
  58  5:52  SCV  
  59  5:57  Refinery  
  59  5:58  SCV  
  59  6:00  Supply Depot, Marauder  
  59  6:01  Marine x2  
  59  6:02  Marauder  
  66  6:04  Supply Depot, SCV  
  66  6:06  Supply Depot  
  66  6:08  Terran Infantry Weapons Level 1  
  66  6:10  SCV  
  68  6:12  Widow Mine  
  68  6:16  SCV  
  71  6:19  Marine x2  
  71  6:22  Marauder  
  71  6:23  SCV  
  76  6:26  Missile Turret  
  76  6:27  Missile Turret  
  76  6:28  Marauder  
  76  6:29  SCV  
  76  6:31  Supply Depot  
  79  6:37  Medivac x2, Marine  
  79  6:38  SCV  
  85  6:45  Marine  
  85  6:46  Barracks  
  85  6:47  Marauder  
  88  6:49  Marine  
  88  6:50  Widow Mine  
  91  7:04  Marine x2  
  91  7:07  Marauder  
  95  7:11  SCV  
  95  7:12  SCV  
  97  7:20  Marine  
  97  7:21  Medivac x2  
  102  7:26  Concussive Shells  
  102  7:27  Barracks  
  102  7:28  Marauder  
  104  7:32  Marine x2  
  106  7:38  Marauder  
  108  7:46  Command Center  
  108  8:04  Marine x2  
Tags
 
Add a new tag
Caveats
  • Supply blocks, unpowered buildings, or Contaminate may cause inaccurate times.
  • Supply counts are checked every 10 seconds.